 Dungeon Crawl Stone Soup version 0.19.1-1-g22dce08 (console) character file.

98 Grinner the Sneak (level 5, -9/30 HPs)
             Began as a Kobold Assassin on Jan 20, 2017.
             Mangled by a gnoll
             ... wielding a +0 halberd
              (18 damage)
             ... on level 2 of the Dungeon.
             The game lasted 00:12:40 (2203 turns).

Grinner the Sneak (Kobold Assassin)                 Turns: 2203, Time: 00:12:41

Health: -9/30      AC:  3    Str:  8    XL:     5   Next: 0%
Magic:  5/5        EV: 16    Int: 12    God:
Gold:   112        SH:  0    Dex: 18    Spells: 0 memorised, 4 levels left

rFire  . . .     SeeInvis .     b - +0 blowgun
rCold  . . .     Gourm    .     c - +0 robe
rNeg   . . .     Faith    .     (shield restricted)
rPois  .         Spirit   .     (no helmet)
rElec  .         Reflect  .     d - +0 cloak
rCorr  .         Harm     .     (no gloves)
MR     .....                    (no boots)
Stlth  ++++......               (no amulet)
                                (no ring)
                                (no ring)

@: no status effects
A: carnivore 3
a: no special abilities


You were on level 2 of the Dungeon.
You were not hungry.

You visited 1 branch of the dungeon, and saw 2 of its levels.

You collected 112 gold pieces.

Inventory:

Hand Weapons
 a - a +3 dagger
 b - a +0 blowgun (weapon)
Missiles
 e - 18 poisoned needles (quivered)
 f - a curare-tipped needle
Armour
 c - a +0 robe (worn)
 d - a +0 cloak (worn)
Scrolls
 h - 2 scrolls of identify {unknown}
 m - a scroll of fear {unknown}
 n - 4 scrolls of enchant weapon {unknown}
 p - a scroll of noise {unknown}
 q - a scroll of enchant armour {unknown}
Potions
 i - 3 potions of heal wounds {unknown}
 j - a potion of agility {unknown}
 k - 2 potions of curing {unknown}
Comestibles
 g - 2 meat rations
 l - a beef jerky
 o - a slice of pizza


   Skills:
 - Level 2.1 Fighting
 + Level 4.0 Short Blades
 - Level 2.1 Throwing
 + Level 3.0 Dodging
 * Level 6.6 Stealth


You had 4 spell levels left.
You didn't know any spells.

Dungeon Overview and Level Annotations

Branches:
Dungeon (2/15)

Altars:


Innate Abilities, Weirdness & Mutations

You are small and have problems with some larger weapons.
You are carnivorous and can eat meat at any time.


Message History

You shoot a poisoned needle. The poisoned needle hits the gnoll.
The gnoll looks even sicker.
The gnoll is moderately wounded.
The gnoll misses you.
Firing (i - inventory. (,) - cycle):
e - 20 poisoned needles (quivered)
Press: ? - help, Shift-Dir - straight line, f/p - gnoll
Aim: a gnoll, wielding a spear You shoot a poisoned needle.
The poisoned needle closely misses the gnoll.
The poisoned needle barely misses the gnoll.
The gnoll closely misses you.
Firing (i - inventory. (,) - cycle):
e - 19 poisoned needles (quivered)
Press: ? - help, Shift-Dir - straight line, f/p - gnoll
Aim: a gnoll, wielding a spear You shoot a poisoned needle.
The poisoned needle closely misses the gnoll.
The poisoned needle hits the gnoll.
The gnoll is poisoned.
The gnoll hits you from afar with a halberd!!
Ouch! That really hurt!
You die...

#####.......#.#.#
#.......#.# #
..............).#
#.......#.# #
#####.......#####
####+####.# #
##......# #.####.#
# ##...#.# #......#
## ##)##.######
######.###. #
####......# #.##..
# ######.# #..... #
#@# ####). # #.#
#########) # #g#
#..(.(gg.< #
#g#######.########
# #.(.(g.()(#
###### #
##############.#
#..)). # ##...##
###.###.####
##########.....####
#...........
..................#
#.......####


You could see 2 gnolls.

Vanquished Creatures
  An adder (D:2)
  2 gnolls
  An ooze (D:1)
  A worm (D:2)
  2 dart slugs (D:1)
  2 leopard geckos (D:2)
  2 giant cockroaches (D:2)
  6 goblins
  7 hobgoblins
  4 jackals (D:2)
  8 kobolds
  A quokka (D:2)
  A ball python (D:1)
  8 bats
  A frilled lizard (D:2)
  5 rats
52 creatures vanquished.

Notes
Turn   | Place    | Note
-------+----------+-------------------------------------------
     0 | D:1      | Grinner the Kobold Assassin began the quest for the Orb.
     0 | D:1      | Reached XP level 1. HP: 12/12 MP: 1/1
    72 | D:1      | Reached XP level 2. HP: 16/17 MP: 2/2
   334 | D:1      | Reached XP level 3. HP: 9/21 MP: 3/3
   972 | D:2      | Reached skill level 6 in Stealth
   972 | D:2      | Reached XP level 4. HP: 23/26 MP: 4/4
  2191 | D:2      | Reached XP level 5. HP: 8/30 MP: 5/5
  2203 | D:2      | Mangled by a gnoll

Skill      XL: |  1  2  3  4 |
---------------+-------------+-----
Short Blades   | 3 4 |  4.0
Dodging        | 2 3 |  3.0
Stealth        | 6 |  6.6
Fighting       | |  2.1
Throwing       | |  2.1

Action                   |  1- 3 |  4- 6 || total
-------------------------+-------+-------++-------
Melee: Dagger            |    63 |    82 ||   145
 Fire: Blowgun           |     3 |    13 ||    16
  Use: Potion            |       |     2 ||     2
 Stab: Sleeping          |     6 |     3 ||     9
  Eat: Chunk             |     3 |     1 ||     4
Armor: Robe              |    11 |     8 ||    19
Dodge: Dodged            |    51 |    67 ||   118
